 Dungeon Crawl Stone Soup version 0.21.1-1-g345015fe64 (webtiles) character file.

82764 Hercules1031 the Apostle (level 15, -8/139 HPs)
             Began as a Hill Orc Fighter on June 23, 2018.
             Was a High Priest of Beogh.
             Killed by divine providence
             ... invoked by a smoke demon
              (9 damage)
             ... on level 2 of the Abyss.
             The game lasted 02:07:36 (22630 turns).

Hercules1031 the Apostle (Hill Orc Fighter)        Turns: 22630, Time: 02:07:37

Health: -8/139     AC: 35    Str: 22    XL:     15   Next: 74%
Magic:  21/21      EV: 10    Int: 10    God:    Beogh [*****.]
Gold:   2131       SH: 14    Dex: 12    Spells: 9/14 levels left

rFire    . . .     SeeInvis +   w - +14 obsidian axe {chop, +Fly SInv *Curse}
rCold    . . .     Gourm    .   J - +1 shield {rN+}
rNeg     + . .     Faith    .   j - +4 plate armour
rPois    +         Spirit   .   (helmet restricted)
rElec    .         Reflect  .   V - +2 cloak {rPois}
rCorr    .         Harm     .   x - +0 pair of gloves
MR       +....     Rnd*Tele +   y - +1 pair of boots
Stlth    ..........             b - amulet of Qaqafac {+Rage Int+2 Slay+2 SInv}
HPRegen  0.00/turn              E - +5 ring of protection
MPRegen  0.17/turn              q - +3 ring of protection

@: liquid flames, mesmerised, non-regenerating, diseased, slowed, glowing,
studying Crossbows, very slow
A: walk on water, horns 1, agile 1, low mp 1[+1], poison resistance, [screaming
2], teleportitis 1, weak 2
a: Smiting, Recall Orcish Followers, Give Item to Named Follower, Renounce
Religion, Evoke Berserk Rage, Evoke Flight


You were on level 2 of the Abyss.
You worshipped Beogh.
Beogh was extremely pleased with you.
You were very full.

You visited 5 branches of the dungeon, and saw 22 of its levels.
You visited the Abyss 1 time.
You also visited: Labyrinth, Sewer and Bailey.

You collected 3315 gold pieces.
You spent 1184 gold pieces at shops.

Inventory:

Hand Weapons
 h - a +3 executioner's axe of venom
 m - a +6 battleaxe
 w - the +14 obsidian axe (weapon) {chop, +Fly SInv *Curse}
   (You found it on level 6 of the Dungeon)

   It inflicts extra damage upon your enemies.
   It lets you see invisible.
   It lets you fly.
   It curses itself when equipped.
 B - a +2 great sword of protection
 G - a +4 morningstar
 P - a +4 rapier
 W - the +6 shortbow "Orb Guardian's Doom" {flame, *Corrode +Blink Dex+3 SInv}
   (You took it off a minotaur in a labyrinth)

   It causes projectiles fired from it to burn those they strike, causing extra
   injury to most foes and up to half again as much damage against particularly
   susceptible opponents.
   It affects your dexterity (+3).
   It lets you see invisible.
   It lets you blink.
   It may corrode you when you take damage.
Missiles
 t - 40 tomahawks of returning (quivered)
Armour
 c - a +0 plate armour
 e - a +0 plate armour
 j - a +4 plate armour (worn)
 x - a +0 pair of gloves (worn)
 y - a +1 pair of boots (worn)
 C - the +2 helmet "Caliarph" {rPois rF+++ rC- Dex-5}
   (You acquired it on level 3 of the Lair of Beasts)

   It affects your dexterity (-5).
   It renders you almost immune to fire.
   It makes you vulnerable to cold.
   It protects you from poison.
 J - a +1 shield of positive energy (worn)
 U - a +0 plate armour
 V - a +2 cloak of poison resistance (worn)
Jewellery
 b - the amulet of Qaqafac (around neck) {+Rage Int+2 Slay+2 SInv}
   (You acquired it on level 11 of the Dungeon)

   [amulet of rage]

   It affects your intelligence (+2).
   It affects your accuracy and damage with ranged weapons and melee attacks
   (+2).
   It lets you see invisible.
   It lets you go berserk.
 q - a +3 ring of protection (right hand)
 E - a +5 ring of protection (left hand)
Wands
 d - a wand of polymorph (11)
 s - a wand of acid (7)
 v - a wand of enslavement (10)
 D - a wand of digging (26)
 F - a wand of flame (69)
 M - a wand of disintegration (18)
 O - a wand of scattershot (5)
 Q - a wand of iceblast (14)
Scrolls
 l - 10 scrolls of teleportation
 n - a scroll of enchant armour
 p - 5 scrolls of remove curse
 z - a scroll of identify
 H - 3 scrolls of fear
 I - a scroll of silence
 Y - 2 scrolls of summoning
Potions
 k - 5 potions of flight
 o - a potion of resistance
 r - a potion of magic
 u - a potion of haste
 A - a potion of lignification
 L - 2 potions of invisibility
 X - a potion of agility
Books
 a - a book of Party Tricks

   Spells                             Type                      Level
   a - Summon Butterflies             Summoning                    1
   b - Apportation                    Translocation                1
   c - Lesser Beckoning               Translocation                3
   d - Tukima's Dance                 Hexes                        3
   e - Alistair's Intoxication        Transmutation/Poison         5
   f - Invisibility                   Hexes                        6
 i - a manual of Crossbows
 N - the Incunabulum of the Mountains
   (You found it in a labyrinth)

   Spells                             Type                      Level
   a - Sandblast                      Earth                        1
   b - Leda's Liquefaction            Hexes/Earth                  4
   c - Petrify                        Transmutation/Earth          4
   d - Bolt of Magma                  Conjuration/Fire/Earth       5
   e - Iron Shot                      Conjuration/Earth            6
   f - Statue Form                    Transmutation/Earth          6
   g - Shatter                        Earth                        9
Miscellaneous
 g - a lightning rod (4/4)
 R - a box of beasts
 T - a lamp of fire
Comestibles
 f - 16 rations


   Skills:
 * Level 14.9 Fighting
 + Level 11.6 Axes
 * Level 13.3 Armour
 * Level 8.5 Dodging
 * Level 13.3 Shields
 * Level 15.0 Invocations


You had 9 spell levels left.
You knew the following spells:

 Your Spells              Type           Power        Failure   Level  Hunger
b - Blink                 Tloc           N/A          100%        2    ###....
c - Spectral Weapon       Hex/Chrm       #.......     100%        3    ####...


Dungeon Overview and Level Annotations

Branches:
Dungeon (12/15) Temple (0/1) D:7 Lair (6/6) D:11 Swamp (0/4) Lair:4 Spider (1/4) Lair:2 Slime (0/5) Lair:5 Lair:6 Orc (2/2) D:12 Elf (1/3) Orc:2

Altars:
Ashenzari
Dithmenos
Elyvilon
Hepliaklqana
Makhleb
Okawaru
Qazlal
Uskayaw
Vehumet
Wu Jian
Xom
Yredelemnul

Shops:
Orc:2 (}}*

Portals:
Hell: Lair:6


Innate Abilities, Weirdness & Mutations

You can walk on water.
You have a pair of small horns on your head.
You are agile. (Dex +2)
Your system is resistant to poisons. (rPois)
You are occasionally teleported next to monsters.
You are very weak. (Str -4)
[Your magical capacity is very low. (-20% MP)]
[You sometimes yell uncontrollably at your foes.]


Message History

The starcursed mass shudders and is absorbed by its neighbour.
The large abomination is engulfed in a cloud of scalding steam.
You block the large abomination's attack.
You slice the tentacled starspawn!!
The starspawn tentacle loses its grip on you.
You headbutt the tentacled starspawn!
The tentacled starspawn is moderately damaged.
You slash the starspawn tentacle! You hit the chaos spawn.
You closely miss the wretched star. You slash the large abomination!
Visions of slaying the starspawn tentacle flood into your mind.
You are covered in liquid flames!
* * * LOW HITPOINT WARNING * * *
You hear a roar!
A starcursed mass splits.
A deafening chorus of shrieks assaults your mind!
* * * LOW HITPOINT WARNING * * *
You shrug off the repeated paralysis!
The smoke demon gestures at you. Something smites you!
You die...

#. ..# .## ....
#XX# #....
X.X###....
.*X....#
.#####wX($.####
...###wX§$§###.
##.@X$X#
#.4*4§3X#
#.x3###x..#
#..#


xX# ./## #.. ##. # # You could see 7 starcursed masses, a tentacled starspawn, 2
wretched stars, 2 ancient zymes, a thrashing horror, a large abomination, a
smoke demon, a neqoxec, a chaos spawn, 2 starspawn tentacles and a friendly
orange demon.

Vanquished Creatures
  A tentacled starspawn (Abyss:2)
  Frances (Spider:1)
  A ghost moth (Abyss:2)
  2 blizzard demons (Abyss:2)
  A minotaur (Lab)
  3 ogre magi (Orc:2)
  2 hydras
  9 two-headed ogres
  A wretched star (Abyss:2)
  2 unseen horrors (Abyss:2)
  A wizard (Lair:6)
  2 deep elf archers (Elf:1)
  2 orc knights
  4 deep elf magi (Elf:1)
  2 oklob plants (Lair:1)
  An ugly thing (D:12)
  2 cyclopes
  3 black mambas
  3 spiny frogs
  2 rime drakes
  3 komodo dragons
  An efreet (Abyss:2)
  2 ice devils (Lair:6)
  A demonic crawler (Spider:1)
  A merfolk (D:10)
  3 jumping spiders (Spider:1)
  A red devil (Lair:6)
  A hornet (D:11)
  4 trolls
  8 hippogriffs
  4 dream sheep (Lair:6)
  19 blink frogs
  4 redbacks (Spider:1)
  A vampire (D:11)
  5 wyverns
  A wraith (D:11)
  A tarantella (Spider:1)
  22 yaks
  The ghost of Gargoyl the Skirmisher, an amateur CeAK of Lugonu (D:3)
  3 vampire mosquitoes (D:12)
  A hungry ghost (D:10)
  A basilisk (Lair:4)
  2 chaos spawn (Abyss:2)
  3 wargs
  Duvessa (D:6)
  4 hell hounds (Lair:6)
  A soldier ant (D:11)
  10 water moccasins
  12 porcupines
  3 ice beasts (D:12)
  4 orc warriors
  2 black bears
  A phantom (D:6)
  20 ogres
  3 sky beasts
  10 wolves
  A necrophage (D:7)
  11 crocodiles
  An earth elemental (Elf:1)
  9 bullfrogs
  Dowan (D:6)
  A gnoll sergeant (D:10)
  A wyvern skeleton (D:11)
  20 killer bees (Orc:1)
  4 wights
  3 howler monkeys
  An electric eel (Spider:1)
  A bullfrog zombie (D:12)
  3 crimson imps
  A centaur zombie (D:6)
  4 hounds
  4 jellies
  7 orc priests
  10 orc wizards
  An iron imp (Abyss:2)
  4 centaur skeletons
  6 iguanas
  A merfolk siren (Sewer)
  A merfolk avatar (Sewer)
  5 worker ants
  A hound zombie (D:10)
  A hound skeleton (D:8)
  A howler monkey zombie (D:5)
  11 gnolls
  16 adders
  2 river rats (Sewer)
  5 shadow imps
  A white imp (Abyss:2)
  3 adder skeletons
  3 dart slugs
  13 leopard geckos
  30 orcs
  7 giant cockroaches
  19 goblins
  4 hobgoblins
  5 jackals (D:4)
  4 quokkas
  3 ball pythons
  8 bats
  5 frilled lizards
  2 gnoll zombies (D:2)
  A jackal zombie (D:6)
  18 kobolds
  A quokka skeleton (D:7)
  31 rats
  6 fungi
  8 plants
  2 starspawn tentacles (Abyss:2)
521 creatures vanquished.

Vanquished Creatures (collateral kills)
  Rupert (Lair:5)
  A tentacled starspawn (Abyss:2)
  A ghost moth (Spider:1)
  Snorg (Lair:5)
  An ogre mage (Orc:2)
  6 hydras
  12 two-headed ogres
  A sixfirhy (Lair:6)
  An orc knight (Orc:1)
  An orb spider (Lair:2)
  7 wolf spiders (Spider:1)
  An oklob plant (Lair:1)
  An ugly thing (D:11)
  2 cyclopes
  3 deep elf magi (Elf:1)
  A black mamba (Lair:2)
  A gargoyle (D:6)
  6 spiny frogs
  A rime drake (Lair:6)
  2 kobold demonologists
  4 komodo dragons
  An ancient zyme (Abyss:2)
  A hellwing (Lair:6)
  A red devil (Lair:6)
  An ice devil (Lair:6)
  A demonic crawler (Spider:1)
  3 trolls
  A queen bee (Orc:1)
  5 jumping spiders (Spider:1)
  4 hippogriffs
  9 blink frogs
  3 dream sheep (Lair:6)
  11 redbacks (Spider:1)
  A shadow (D:9)
  A wyvern (D:11)
  3 tarantellas (Spider:1)
  A wraith (D:11)
  27 yaks
  2 basilisks
  A neqoxec (Abyss:2)
  A vampire mosquito (D:12)
  Menkaure (D:5)
  6 wargs
  A soldier ant (D:11)
  A hell hound (Lair:6)
  8 water moccasins
  5 porcupines
  A black bear (Lair:1)
  5 orc warriors
  A sky beast (D:6)
  A necrophage (D:11)
  An eye of draining (D:12)
  4 phantoms
  12 ogres
  2 wolves
  7 crocodiles
  4 centaurs
  2 big kobolds
  5 bullfrogs
  A gnoll sergeant (D:8)
  3 scorpions
  4 killer bees (Orc:1)
  6 wights
  An electric eel (Spider:1)
  2 howler monkeys
  3 crimson imps
  A bullfrog zombie (D:6)
  2 jellies
  4 orc priests
  3 hounds
  6 orc wizards
  An iguana (D:11)
  4 worker ants
  6 gnolls
  5 adders
  2 shadow imps
  An ooze (D:5)
  An adder zombie (D:5)
  A leopard gecko (D:11)
  8 orcs
  2 giant cockroaches
  3 goblins
  A hobgoblin (Bailey)
  A frilled lizard (D:5)
  9 kobolds
  22 fungi
  15 plants
318 creatures vanquished.

Vanquished Creatures (others)
  A deep elf knight (Elf:1)
  2 orc sorcerers
  6 orc knights
  A slime creature (Lair:3)
  4 orc warriors
  2 orc priests
  3 orc wizards
  30 orcs
  A quokka (D:8)
  28 fungi
  A lurking horror (Abyss:2)
  23 plants
  4 starspawn tentacles (Abyss:2)
106 creatures vanquished.

Grand Total: 945 creatures vanquished

Notes
Turn   | Place    | Note
-------+----------+-------------------------------------------
     0 | D:1      | Hercules1031 the Hill Orc Fighter began the quest for the Orb.
     0 | D:1      | Reached XP level 1. HP: 19/19 MP: 1/1
    96 | D:1      | Reached XP level 2. HP: 23/27 MP: 2/2
   501 | D:2      | Reached XP level 3. HP: 27/34 MP: 3/3
  1077 | D:2      | Reached XP level 4. HP: 28/41 MP: 4/4
  1132 | D:2      | Reached skill level 5 in Fighting
  1147 | D:2      | Found an iron altar of Okawaru.
  1160 | D:2      | HP: 2/42 [gnoll (7)]
  1891 | D:2      | Reached skill level 5 in Axes
  1896 | D:2      | Found a basalt altar of Yredelemnul.
  2042 | D:3      | Gained mutation: Your spells are a little harder to cast, but a little more powerful. [potion of mutation]
  2042 | D:3      | Gained mutation: You evolve. [potion of mutation]
  2042 | D:3      | Gained mutation: Your body sometimes deteriorates upon taking damage. [potion of mutation]
  2042 | D:3      | Gained mutation: You have sharp toenails. [potion of mutation]
  2045 | D:3      | Learned a level 1 spell: Magic Dart
  2048 | D:3      | Learned a level 2 spell: Blink
  2091 | D:3      | Reached XP level 5. HP: 48/48 MP: 5/5
  2374 | D:3      | Became a worshipper of Beogh the Brigand
  2451 | D:3      | Noticed Gargoyl's ghost (amateur CeAK)
  2464 | D:3      | Killed Gargoyl's ghost
  2464 | D:3      | Reached skill level 1 in Invocations
  2464 | D:3      | Reached XP level 6. HP: 33/57 MP: 5/7
  2795 | D:4      | Reached skill level 2 in Invocations
  2873 | D:4      | Reached XP level 7. HP: 59/63 MP: 8/8
  2958 | D:4      | Reached * piety under Beogh
  3033 | D:4      | Reached skill level 3 in Invocations
  3045 | D:4      | Lost mutation: Your body sometimes deteriorates upon taking damage. [evolution]
  3083 | D:4      | Found a glowing drain.
  3103 | Sewer    | Entered a sewer
  3410 | Sewer    | Reached ** piety under Beogh
  3494 | Sewer    | Reached skill level 5 in Armour
  3550 | Sewer    | Reached skill level 5 in Shields
  3573 | Sewer    | Reached XP level 8. HP: 48/71 MP: 10/10
  3626 | Sewer    | Reached *** piety under Beogh
  4033 | D:4      | Reached skill level 4 in Invocations
  4230 | D:5      | Entered Level 5 of the Dungeon
  4323 | D:5      | Found a shadowy altar of Dithmenos.
  4461 | D:5      | Found a hide-covered altar of Uskayaw.
  4463 | D:5      | Found a shattered altar of Ashenzari.
  4508 | D:5      | Identified the Almanac of Flying Boosts
  4514 | D:5      | Learned a level 3 spell: Spectral Weapon
  4709 | D:5      | Noticed Menkaure
  4717 | D:5      | Killed Menkaure
  4810 | D:5      | Found a hazy altar of Hepliaklqana.
  5040 | D:6      | Reached **** piety under Beogh
  5040 | D:6      | Reached skill level 5 in Invocations
  5082 | D:6      | Found a transporter.
  5294 | D:6      | Found a shadowy altar of Dithmenos.
  5400 | D:6      | Noticed a gargoyle
  5420 | D:6      | Noticed a kobold demonologist
  5421 | D:6      | Found a stormy altar of Qazlal.
  5423 | D:6      | Found the cursed +14 obsidian axe {chop, +Fly SInv *Curse}
  5461 | D:6      | Noticed Dowan
  5462 | D:6      | Noticed Duvessa
  5471 | D:6      | Killed Duvessa
  5471 | D:6      | Reached XP level 9. HP: 71/81 MP: 13/13
  5480 | D:6      | Killed Dowan
  5701 | D:6      | Found a transporter.
  5708 | D:6      | Reached skill level 6 in Invocations
  5848 | D:6      | Killed a kobold demonologist
  5853 | D:6      | Killed a gargoyle
  6222 | D:7      | Reached skill level 7 in Invocations
  6315 | D:7      | Found a flagged portal.
  6324 | Bailey   | Entered a bailey
  6344 | Bailey   | Noticed an orc knight
  6347 | Bailey   | Reached ***** piety under Beogh
  6397 | Bailey   | Killed an orc knight
  6397 | Bailey   | Reached XP level 10. HP: 84/91 MP: 15/15
  6681 | D:7      | Got a crude granite ring
  6690 | D:7      | Reached skill level 8 in Invocations
  6712 | D:7      | Found an ornate altar of the Wu Jian Council.
  6727 | D:7      | Found a staircase to the Ecumenical Temple.
  6799 | D:7      | Identified the ring of Gul Noyd {Wiz rElec rF- Str-2 Stlth+} (You found it on level 7 of the Dungeon)
  7087 | D:7      | Gained Okrist as an ally
  7395 | D:8      | Found a radiant altar of Vehumet.
  7429 | D:8      | Noticed a two-headed ogre
  7437 | D:8      | Killed a two-headed ogre
  7855 | D:8      | Found a white marble altar of Elyvilon.
  8399 | D:9      | Gained Oreg as an ally
  8488 | D:9      | Reached skill level 10 in Fighting
  8496 | D:9      | Reached skill level 9 in Invocations
  8814 | D:9      | Reached skill level 1 in Dodging
  9146 | D:10     | Entered Level 10 of the Dungeon
  9153 | D:10     | Reached XP level 11. HP: 100/100 MP: 18/18
  9229 | D:10     | Noticed a two-headed ogre
  9235 | D:10     | Killed a two-headed ogre
  9903 | D:11     | Noticed a cyclops
  9909 | D:11     | Reached ****** piety under Beogh
  9911 | D:11     | Killed a cyclops
  9912 | D:11     | Reached skill level 10 in Invocations
  9935 | D:11     | Found a shimmering altar of Xom.
 10214 | D:11     | Gained mutation: Scrolls take you a little longer to read. [evolution]
 10464 | D:11     | Noticed a cyclops
 10464 | D:11     | Noticed a red ugly thing
 10471 | D:11     | Killed a cyclops
 10471 | D:11     | Killed a red ugly thing
 10474 | D:11     | Gained Spirok as an ally
 10547 | D:11     | Identified a scroll of acquirement
 10547 | D:11     | Got a crude graven amulet
 10548 | D:11     | Identified the amulet of Qaqafac {+Rage Int+2 Slay+2 SInv} (You acquired it on level 11 of the Dungeon)
 10740 | D:11     | Found a staircase to the Lair.
 10821 | Lair:1   | Entered Level 1 of the Lair of Beasts
 11122 | Lair:1   | Reached XP level 12. HP: 110/110 MP: 20/20
 11447 | Lair:1   | Reached skill level 10 in Armour
 11451 | Lair:1   | Reached skill level 10 in Shields
 11501 | Lair:1   | Reached skill level 11 in Invocations
 11566 | Lair:1   | Gained Brunolf as an ally
 11705 | Lair:2   | Found a hole to the Spider Nest.
 11738 | Spider:1 | Entered Level 1 of the Spider Nest
 11745 | Spider:1 | Noticed Frances
 11748 | Spider:1 | Your ally Okrist died
 11748 | Spider:1 | Gained Oruk as an ally
 11751 | Spider:1 | Your ally Oruk died
 11762 | Spider:1 | Killed Frances
 11764 | Spider:1 | Your ally Brunolf died
 11856 | Spider:1 | Your ally Spirok died
 12053 | Lair:2   | Reached skill level 10 in Axes
 12119 | Lair:2   | Reached skill level 5 in Dodging
 12697 | Spider:1 | Reached XP level 13. HP: 93/118 MP: 21/21
 12700 | Spider:1 | Reached skill level 12 in Invocations
 12751 | Spider:1 | Noticed a ghost moth
 12757 | Spider:1 | Killed a ghost moth
 13462 | Lair:3   | Got a jewelled helmet
 13468 | Lair:3   | Identified the +2 helmet "Caliarph" {rPois rF+++ rC- Dex-5} (You acquired it on level 3 of the Lair of Beasts)
 13869 | Lair:3   | Found a labyrinth entrance.
 13876 | Lab      | Entered a labyrinth
 15296 | Lab      | Gained mutation: You rapidly evolve. [evolution]
 15600 | Lab      | Noticed a minotaur
 15612 | Lab      | Killed a minotaur
 15619 | Lab      | Identified the Incunabulum of the Mountains
 15624 | Lab      | Got an uncursed jewelled shortbow {flame}
 15698 | Lair:3   | Your ally Oreg died
 16541 | Lair:4   | Lost mutation: Scrolls take you a little longer to read. [potion of mutation]
 16541 | Lair:4   | Lost mutation: Your spells are a little harder to cast, but a little more powerful. [potion of mutation]
 16541 | Lair:4   | Lost mutation: You have sharp toenails. [potion of mutation]
 16541 | Lair:4   | Lost mutation: You rapidly evolve. [potion of mutation]
 16541 | Lair:4   | Gained mutation: You are occasionally teleported next to monsters. [potion of mutation]
 16541 | Lair:4   | Gained mutation: You are weak. (Str -2) [potion of mutation]
 16541 | Lair:4   | Gained mutation: You are agile. (Dex +2) [potion of mutation]
 16541 | Lair:4   | Gained mutation: You have a pair of small horns on your head. [potion of mutation]
 16627 | Lair:4   | Found a staircase to the Swamp.
 17117 | Lair:5   | Noticed Snorg
 17127 | Lair:5   | Killed Snorg
 17134 | Lair:5   | Identified the +6 shortbow "Orb Guardian's Doom" {flame, *Corrode +Blink Dex+3 SInv} (You took it off a minotaur in a labyrinth)
 17305 | Lair:5   | Reached skill level 13 in Invocations
 17435 | Lair:5   | Noticed Rupert
 17448 | Lair:5   | Killed Rupert
 17448 | Lair:5   | Reached XP level 14. HP: 41/129 MP: 23/23
 17485 | Lair:5   | Your ally Oruk died
 17790 | Lair:5   | Noticed Urug
 17818 | Lair:5   | Found a staircase to the Slime Pits.
 18145 | Lair:6   | Entered Level 6 of the Lair of Beasts
 18733 | Lair:6   | Found a burning altar of Makhleb.
 18753 | Lair:6   | Found a gateway to Hell.
 19538 | Lair:2   | Gained mutation: Your system is resistant to poisons. (rPois) [evolution]
 19538 | Lair:2   | Lost mutation: You evolve. [end of evolution]
 20199 | D:12     | Found a staircase to the Orcish Mines.
 20769 | Orc:1    | Entered Level 1 of the Orcish Mines
 20862 | Orc:1    | Reached skill level 14 in Invocations
 21159 | Orc:1    | Got a heavily runed ring mail
 21160 | Orc:1    | Identified the +0 ring mail of Taolepoq {rF+ rCorr Int+4 Dex-5} (You found it on level 1 of the Orcish Mines)
 21640 | Orc:2    | Entered Level 2 of the Orcish Mines
 21644 | Orc:2    | Found a staircase to the Elven Halls.
 21853 | Orc:2    | Reached XP level 15. HP: 114/138 MP: 25/25
 21855 | Orc:2    | Found Yposomix's Gadget Shop.
 21855 | Orc:2    | Found Behasod's General Store.
 21855 | Orc:2    | Found Ziuhip's Weapon Emporium.
 21855 | Orc:2    | Found Owkeb's Gadget Shop.
 21878 | Orc:2    | Gained Ognian as an ally
 21944 | Orc:2    | Bought a potion of haste for 120 gold pieces
 21944 | Orc:2    | Bought a scroll of acquirement for 624 gold pieces
 22159 | Orc:2    | Bought a box of beasts for 200 gold pieces
 22159 | Orc:2    | Bought a wand of iceblast (5) for 90 gold pieces
 22159 | Orc:2    | Bought a wand of disintegration (11) for 150 gold pieces
 22212 | Elf:1    | Entered Level 1 of the Elven Halls
 22346 | Elf:1    | Noticed a deep elf sorcerer
 22347 | Elf:1    | Cast into level 2 of the Abyss (a deep elf sorcerer)
 22411 | Abyss:2  | Noticed a ghost moth
 22423 | Abyss:2  | Killed a ghost moth
 22447 | Abyss:2  | Found a shadowy altar of Dithmenos.
 22519 | Abyss:2  | Gained mutation: You are very weak. (Str -4) [a neqoxec]
 22561 | Abyss:2  | Noticed a tentacled starspawn
 22565 | Abyss:2  | Killed a tentacled starspawn
 22565 | Abyss:2  | Reached skill level 15 in Invocations
 22606 | Abyss:2  | Noticed a tentacled starspawn
 22619 | Abyss:2  | Killed a tentacled starspawn
 22625 | Abyss:2  | Found a corrupted altar of Lugonu.
 22626 | Abyss:2  | Noticed a tentacled starspawn
 22628 | Abyss:2  | Paralysed by accursed screaming for 1 turns
 22629 | Abyss:2  | Gained mutation: [Your magical capacity is very low. (-20% MP)] [a neqoxec]
 22630 | Abyss:2  | HP: 1/139 [starcursed mass/accursed screaming (6)]
 22630 | Abyss:2  | Killed from afar by a smoke demon

Skill      XL: |  1  2  3  4  5  6  7  8  9 10 11 12 13 14 15 |
---------------+----------------------------------------------+-----
Axes           | 3 4 5 6 7 8 9 10 11 | 11.6
Fighting       | 4 5 6 7 9 10 11 12 13 14 | 14.9
Armour         | 4 5 6 7 8 9 10 11 12 13 | 13.3
Shields        | 4 5 6 7 8 9 10 11 12 13 | 13.3
Invocations    | 1 2 3 5 7 9 10 11 13 14 15 | 15.0
Dodging        | 1 3 5 6 7 8 |  8.5

Action                   |  1- 3 |  4- 6 |  7- 9 | 10-12 | 13-15 || total
-------------------------+-------+-------+-------+-------+-------++-------
Melee: War axe           |    91 |   129 |   272 |       |       ||   492
       Kick              |       |    19 |    57 |    28 |       ||   104
       Broad axe         |       |       |    31 |   234 |   521 ||   786
       Headbutt          |       |       |       |       |    83 ||    83
Invok: Convert to Beogh  |       |     1 |       |       |       ||     1
       Recall Orcish Fol |       |       |     2 |    16 |    18 ||    36
       Give Item to Name |       |       |       |     3 |     3 ||     6
       Stop Recall       |       |       |       |     2 |       ||     2
       Resurrection      |       |       |       |     2 |     2 ||     4
 Abil: Evoke Flight      |       |       |       |       |     2 ||     2
Evoke: Lightning rod     |       |       |       |       |     2 ||     2
       Lamp of fire      |       |       |       |       |     1 ||     1
  Use: Potion            |     4 |     5 |     3 |     9 |    13 ||    34
       Scroll            |       |     8 |    11 |    15 |    19 ||    53
 Stab: Distracted        |       |       |       |     3 |     6 ||     9
  Eat: Ration            |     1 |     2 |     3 |     8 |    11 ||    25
Armor: Scale mail        |    62 |    25 |       |       |       ||    87
       Skin              |     1 |       |       |       |       ||     1
       Chain mail        |       |    43 |    84 |       |       ||   127
       Plate armour      |       |       |   129 |   129 |   380 ||   638
Dodge: Dodged            |    39 |    51 |    65 |    81 |   211 ||   447
Block: Shield            |    61 |    87 |   212 |   152 |   428 ||   940
